 Dungeon Crawl Stone Soup version 0.31-a0-319-g4fced400ed (webtiles) character file.

Game seed: 2551864774082146179

20821 mopl the Martial Artist (level 12, -3/82 HPs)
             Began as an Octopode Shapeshifter on July 18, 2023.
             Was a Believer of Uskayaw.
             Slain by an orc knight
             ... wielding a +0 halberd
              (19 damage)
             ... on level 2 of the Orcish Mines.
             The game lasted 00:22:21 (13040 turns).

mopl the Martial Artist (Octopode Shapeshifter)    Turns: 13040, Time: 00:22:22

Health: -3/82      AC:  1    Str: 22    XL:     12   Next: 83%
Magic:  26/26      EV: 16    Int: 10    God:    Uskayaw [**....]
Gold:   812        SH: 17    Dex: 16    Spells: 11/11 levels left

rFire   + .          .
                       - Unarmed
rCold   + . .        i - +9 kite shield of Happiness {rElec rC+ SInv}
rNeg    . . .        j - melded +2 hat
rPois   .            (no amulet)
rElec   +            k - +6 ring of strength
rCorr   .            y - ring of magical power
SInv    +            o - ring of protection from fire
Will    .....        (no ring)
Stlth   ++++         (no ring)
HPRegen 0.33/turn    (no ring)
MPRegen 0.20/turn    (no ring)
                     (no ring)

%: no passive effects
@: beast-form
A: beast (slay +6), almost no armour, amphibious, 8 rings, camouflage 1,
gelatinous body 1, (nimble swimmer 1), tentacles
a: Begin Untransformation, Renounce Religion, Stomp, Line Pass


You were on level 2 of the Orcish Mines.
You worshipped Uskayaw.
Uskayaw was noncommittal.
You were a hulking beast.
You visited 3 branches of the dungeon, and saw 15 of its levels.

You collected 1262 gold pieces.
You spent 450 gold pieces at shops.

Inventory:

Missiles
 g - 20 poisoned darts (quivered)
 w - 10 throwing nets
 x - 13 boomerangs
 M - 2 curare-tipped darts
Armour
 i - the +9 kite shield of Happiness (worn) {rElec rC+ SInv}
   (You found it on level 2 of the Dungeon)

   rC:        It protects you from cold.
   rElec:     It insulates you from electricity.
   SInv:      It lets you see invisible.
 j - a +2 hat (melded)
 I - +0 swamp dragon scales
Jewellery
 k - a +6 ring of strength (left tentacle)
 o - a ring of protection from fire (on tentacle)
 y - a ring of magical power (right tentacle)
Talismans
 b - a beast talisman
Wands
 d - a wand of paralysis (1)
 G - a wand of digging (2)
 J - a wand of mindburst (3)
 N - a wand of quicksilver (4)
Scrolls
 c - 3 scrolls of acquirement {unknown}
 m - 2 scrolls of blinking
 n - 3 scrolls of vulnerability {unknown}
 s - a scroll of enchant weapon {unknown}
 u - 2 scrolls of immolation
 v - 3 scrolls of teleportation
 A - 4 scrolls of fear {unknown}
 C - 2 scrolls of brand weapon
 D - a scroll of amnesia
 E - 2 scrolls of fog {unknown}
 F - a scroll of poison
 H - a scroll of revelation
Potions
 a - 2 potions of lignification {!q}
 e - 2 potions of enlightenment
 f - a potion of magic
 h - 2 potions of invisibility
 l - 10 potions of curing
 p - 2 potions of berserk rage {!q}
 q - a potion of heal wounds
 r - 3 potions of mutation {!q}
 z - 2 potions of brilliance
 B - a potion of might
 K - a potion of ambrosia
Miscellaneous
 L - a box of beasts


   Skills:
 + Level 8.1 Fighting
 + Level 3.3 Throwing
 + Level 8.1 Dodging
 - Level 5.0 Stealth
 * Level 11.3 Unarmed Combat
 + Level 6.7 Invocations
 + Level 3.7 Evocations
 * Level 9.9 Shapeshifting


You had 11 spell levels left.
You didn't know any spells.
Your spell library contained the following spells:

 Spells                   Type           Power      Damage    Failure   Level
 Foxfire                  Conj/Fire      0%         2x1d4     69%         1
 Kiss of Death            Conj/Necr      0%         2d5       69%         1
 Necrotise                Necr           0%         1d4       69%         1
 Shock                    Conj/Air       0%         1d3       69%         1
 Confusing Touch          Hex            0%         N/A       96%         3
 Swiftness                Air            0%         N/A       96%         3
 Vampiric Draining        Necr           0%         2d6       96%         3
 Airstrike                Air            0%         2d(0-16)  100%        4
 Dispel Undead            Necr           0%         3d6       100%        4
 Summon Ice Beast         Ice/Summ       0%         N/A       100%        4
 Summon Lightning Spire   Summ/Air       0%         N/A       100%        4
 Agony                    Necr           0%         N/A       100%        5
 Lee's Rapid Deconstruct  Erth           0%         3d4*      100%        5
 Summon Mana Viper        Hex/Summ       0%         N/A       100%        5
 Plasma Beam              Fire/Air       0%         2x1d10    100%        6
 Starburst                Conj/Fire      0%         6d3       100%        6
 Monstrous Menagerie      Summ           0%         N/A       100%        7
 Animate Armour           Summ/Erth      Unusable   N/A       N/A         4

Dungeon Overview and Level Annotations

Branches:
Dungeon (12/15)            Temple (1/1) D:5            Lair (0/5) D:8
    Orc (2/2) D:12
    Elf: Orc:2

Altars:
Ashenzari
Cheibriados
Dithmenos
Elyvilon
Fedhas
Gozag
Hepliaklqana
Kikubaaqudgha
Makhleb
Nemelex Xobeh
Okawaru
Qazlal
Ru
Sif Muna
Trog
Uskayaw
Vehumet
Wu Jian
Xom
Yredelemnul
Zin
The Shining One

Shops:
D:4 =?   D:6 =   D:11 !


Innate Abilities, Weirdness & Mutations

You are a hulking beast.
Your limbs bulge with bestial killing power. (Slay +6)
You cannot wear most types of armour.
You are amphibious.
You can wear up to eight rings at the same time.
Your skin changes colour to match your surroundings (Stealth+).
Your rubbery body absorbs attacks. (AC +1, EV +1)
((You are camouflaged when in or above water. (Stealth+)))
You have tentacles for arms and can constrict up to eight enemies at once.


Message History

You kill the orc priest!
Uskayaw will force your foes to share their pain.
The orc knight is no longer paralysed.
The orc knight roars a battlecry!
You hear a shout!
You can no longer pass through a line of other dancers.
There is a stone staircase leading up here.
You block the orc knight's attack.
You climb upwards.
There is a stone staircase leading down here.
You start resting.
HP restored.
You climb downwards.
There is a stone staircase leading up here.
You block the orc knight's attack.
The orc knight hits you with a +0 halberd!!
You tentacle-slap the orc knight. You grab the orc knight.
You squeeze the orc knight!
The orc knight is moderately wounded.
You constrict the orc knight.
The orc knight hits you with a +0 halberd!!
You are too injured to fight recklessly!
You are too injured to fight recklessly!
You tentacle-slap the orc knight. You squeeze the orc knight.
The orc knight is moderately wounded.
You constrict the orc knight.
The orc knight hits you with a +0 halberd!!
* * * LOW HITPOINT WARNING * * *
You tentacle-slap the orc knight. You squeeze the orc knight!
The orc knight is heavily wounded.
You constrict the orc knight. You block the orc knight's attack.
You can now pass through a line of other dancers.
You bludgeon the orc knight!
The orc knight is severely wounded.
You constrict the orc knight. The orc knight misses you.
You tentacle-slap the orc knight. You squeeze the orc knight.
The orc knight is almost dead.
You constrict the orc knight.
The orc knight hits you with a +0 halberd!!
You die...

.. ##... ..###...##
.........# ##### ........#
#...# .......# #..##
.......# ###...####
....)).#####........##
#..)))..##...........#
...#<.........<.ho..####
..##...........#.....#.##
†..##..).....#.#.#......##
.#####......#######....#.###
.. #.......####....#.....##
..
..........#......###....####
........#.#..........#
###))#.$##
........###.#........#
#....... ........#
####.....### ##.#....


You could see an orc knight.

Vanquished Creatures
  Harold (D:10)
  Sonja (D:11)
  A sixfirhy (D:11)
  Lodul (D:11)
  Pikel (D:6)
  An orc knight (D:12)
  An orc sorcerer (Orc:1)
  A deep elf pyromancer (D:12)
  A manticore (D:11)
  2 cyclopes
  3 rust devils
  Maggie (D:9)
  A komodo dragon (D:8)
  3 kobold demonologists
  A red devil (D:10)
  3 trolls
  Grinder (D:4)
  Sigmund (D:4)
  A vampire (D:12)
  2 wyverns
  3 wraiths
  14 yaks
  2 steam dragons
  4 vampire mosquitoes
  An acid dragon (D:10)
  4 wargs
  4 water moccasins (D:8)
  Duvessa (D:6)
  13 orc warriors
  4 black bears
  An ice beast (D:8)
  16 ogres
  A centaur (D:5)
  2 phantoms (D:6)
  2 kobold brigands
  7 bullfrogs
  5 scorpions
  9 wights
  Dowan (D:5)
  8 killer bees (D:9)
  5 howler monkeys
  7 hounds
  5 jellies
  21 orc priests
  3 gnoll boudas (D:9)
  4 iguanas
  18 orc wizards
  9 adders
  41 gnolls
  A white imp (D:6)
  A worm (D:3)
  A dart slug (D:5)
  77 orcs
  4 bats
  5 endoplasms
  2 giant cockroaches (D:4)
  2 goblins (D:1)
  A hobgoblin (D:1)
  17 jackals
  2 quokkas (D:1)
  7 ball pythons
  2 frilled lizards (D:2)
  9 kobolds
  3 rats
377 creatures vanquished.

Vanquished Creatures (others)
  An orc wizard (D:8)
1 creature vanquished.

Grand Total: 378 creatures vanquished

Notes
Turn   | Place    | Note
-------+----------+-------------------------------------------
     0 | D:1      | mopl the Octopode Shapeshifter began the quest for the Orb.
     0 | D:1      | Reached XP level 1. HP: 14/14 MP: 1/1
   306 | D:1      | Reached XP level 2. HP: 19/19 MP: 2/2
   715 | D:2      | You fall into a shaft and drop 2 floors!
   724 | D:4      | Reached XP level 3. HP: 21/24 MP: 3/3
   727 | D:4      | Found a shimmering altar of Xom.
   728 | D:4      | Found Nuofahic's Jewellery Boutique.
   736 | D:4      | Reached XP level 4. HP: 24/30 MP: 4/4
   744 | D:4      | Reached skill level 3 in Unarmed Combat
   746 | D:4      | Noticed Grinder
   756 | D:4      | Found Ymiack Yryde's Magic Scroll Emporium.
   763 | D:4      | Noticed an ogre
   767 | D:3      | HP: 1/30 [gnoll/+0 whip (7)]
   896 | D:3      | Found a faded altar of an unknown god.
  1079 | D:2      | Identified the +9 kite shield of Happiness {rElec rC+ SInv}
  1118 | D:2      | Reached XP level 5. HP: 35/35 MP: 5/5
  1773 | D:3      | Found a glowing golden altar of the Shining One.
  1960 | D:4      | Reached skill level 3 in Dodging
  1960 | D:4      | Reached skill level 4 in Shapeshifting
  1960 | D:4      | Paralysed by Grinder for 4 turns
  1970 | D:4      | Killed Grinder
  1971 | D:4      | Reached skill level 3 in Fighting
  1971 | D:4      | Reached skill level 4 in Unarmed Combat
  1971 | D:4      | Reached XP level 6. HP: 15/42 MP: 6/6
  2084 | D:4      | Reached XP level 7. HP: 46/46 MP: 7/7
  2269 | D:4      | Found a stormy altar of Qazlal.
  2282 | D:4      | Noticed Sigmund
  2288 | D:4      | Killed Sigmund
  2289 | D:4      | Reached skill level 5 in Unarmed Combat
  2289 | D:4      | Reached skill level 5 in Shapeshifting
  2407 | D:4      | Reached skill level 4 in Dodging
  2441 | D:4      | Reached XP level 8. HP: 48/54 MP: 8/8
  2471 | D:4      | Reached skill level 4 in Fighting
  2584 | D:4      | Bought a scroll of identify for 24 gold pieces
  2584 | D:4      | Bought a scroll of immolation for 48 gold pieces
  2584 | D:4      | Bought a scroll of teleportation for 36 gold pieces
  2648 | D:4      | Bought a scroll of blinking for 90 gold pieces
  3189 | D:4      | Found Ymiack Yryde's Magic Scroll Emporium.
  3210 | D:4      | Found Nuofahic's Jewellery Boutique.
  3214 | D:4      | Found a shimmering altar of Xom.
  3228 | D:4      | Found a stormy altar of Qazlal.
  3515 | D:4      | Reached skill level 6 in Unarmed Combat
  3685 | D:4      | Bought a scroll of identify for 24 gold pieces
  3703 | D:5      | Entered Level 5 of the Dungeon
  4100 | D:5      | Reached skill level 6 in Shapeshifting
  4150 | D:5      | Found a staircase to the Ecumenical Temple.
  4161 | Temple   | Entered the Ecumenical Temple
  4283 | Temple   | Became a worshipper of Uskayaw the Reveller
  4346 | D:5      | Reached * piety under Uskayaw
  4348 | D:5      | Reached ** piety under Uskayaw
  4365 | D:5      | Reached *** piety under Uskayaw
  4366 | D:5      | Reached XP level 9. HP: 46/59 MP: 9/9
  4367 | D:5      | Reached skill level 1 in Invocations
  4503 | D:6      | Noticed Duvessa
  4503 | D:6      | Noticed Dowan
  4509 | D:6      | Killed Duvessa
  4639 | D:5      | Killed Dowan
  4640 | D:5      | Reached skill level 5 in Dodging
  4806 | D:6      | Reached skill level 7 in Unarmed Combat
  4927 | D:6      | Reached skill level 5 in Fighting
  4970 | D:6      | Reached skill level 2 in Invocations
  4974 | D:6      | Reached **** piety under Uskayaw
  4979 | D:6      | Reached ***** piety under Uskayaw
  5055 | D:6      | Found a white marble altar of Elyvilon.
  5360 | D:6      | Found Qinuph's Jewellery Emporium.
  5491 | D:6      | Found a glowing silver altar of Zin.
  5597 | D:6      | Noticed Pikel
  5604 | D:6      | Killed Pikel
  5605 | D:6      | Reached skill level 8 in Unarmed Combat
  5605 | D:6      | Reached skill level 3 in Invocations
  5605 | D:6      | Reached skill level 7 in Shapeshifting
  5873 | D:4      | Bought a scroll of amnesia for 48 gold pieces
  5948 | D:7      | Found a sparkling altar of Nemelex Xobeh.
  5968 | D:7      | Reached XP level 10. HP: 53/68 MP: 12/12
  6639 | D:7      | Reached skill level 6 in Dodging
  6919 | D:7      | Reached skill level 1 in Stealth
  7123 | D:8      | Reached skill level 6 in Fighting
  7147 | D:8      | Reached skill level 2 in Stealth
  7179 | D:8      | Found a staircase to the Lair.
  7248 | D:8      | Reached skill level 4 in Invocations
  7697 | D:8      | Reached skill level 3 in Stealth
  7809 | D:8      | Reached skill level 9 in Unarmed Combat
  8199 | D:9      | Reached skill level 8 in Shapeshifting
  8353 | D:9      | Reached XP level 11. HP: 59/74 MP: 14/14
  8380 | D:9      | Reached skill level 4 in Stealth
  8619 | D:9      | Noticed Maggie
  8631 | D:9      | Killed Maggie
  8924 | D:9      | Reached skill level 5 in Invocations
  8998 | D:10     | Entered Level 10 of the Dungeon
  9037 | D:10     | Reached skill level 7 in Dodging
  9046 | D:10     | Reached skill level 7 in Fighting
  9051 | D:10     | Reached skill level 5 in Stealth
  9055 | D:10     | Reached ****** piety under Uskayaw
  9190 | D:10     | Reached skill level 10 in Unarmed Combat
  9430 | D:10     | Noticed Harold
  9442 | D:10     | Killed Harold
  9662 | D:11     | Noticed Sonja
  9900 | D:11     | Killed Sonja
  9901 | D:11     | Reached skill level 1 in Throwing
  9901 | D:11     | Reached skill level 1 in Evocations
  9901 | D:11     | Reached skill level 9 in Shapeshifting
 10142 | D:11     | Found Peepn's Distillery.
 10160 | D:11     | Bought a potion of might for 60 gold pieces
 10160 | D:11     | Bought a potion of ambrosia for 120 gold pieces
 10274 | D:11     | Found a transporter.
 10308 | D:11     | Noticed a manticore
 10308 | D:11     | Noticed Lodul
 10338 | D:10     | Reached XP level 12. HP: 36/81 MP: 16/16
 10514 | D:11     | Reached skill level 2 in Evocations
 10517 | D:11     | Reached skill level 6 in Invocations
 10530 | D:11     | Reached skill level 2 in Throwing
 10541 | D:11     | Killed Lodul
 11621 | D:12     | Reached skill level 3 in Evocations
 11831 | D:12     | Reached skill level 11 in Unarmed Combat
 12015 | D:12     | Reached skill level 3 in Throwing
 12018 | D:12     | Reached skill level 8 in Dodging
 12026 | D:12     | Reached skill level 8 in Fighting
 12047 | D:12     | Found a staircase to the Orcish Mines.
 12237 | Orc:1    | Entered Level 1 of the Orcish Mines
 12718 | Orc:2    | Entered Level 2 of the Orcish Mines
 13040 | Orc:2    | Slain by an orc knight

Illustrated notes

Levels and vault maps discovered:
D:1:      dpeg_arrival_short_road, layout_basic, minmay_liquid_box
D:2:      layout_basic
D:3:      layout_rooms, tso_altar, shapermc_ecumenical_altar_notcrosses,
          minmay_misc_feat_hallway
D:4:      lemuel_castle_with_subvaults [lemuel_castle_interior_original],
          layout_basic, mainiacjoe_overflow_catch_the_wave, serial_shops, shop,
          shop, nicolae_the_louvre, uniq_grinder, uniq_sigmund
D:5:      layout_gridville, temple_fountains
D:6:      layout_layer_cave, elyvilon_altar_5, nicolae_overflow_hidden_temple,
          serial_shops, shop, ebering_dispersal_statue_hall, amethyst_killhole,
          st_stairs_1, uniq_duvessa, uniq_pikel
D:7:      layout_basic, lemuel_tele_altar, kennysheep_generic_room_6
D:8:      cheibrodos_iron_armory, layout_basic, due_lair_maze_entry_diamond
D:9:      layout_rooms, uniq_maggie
D:10:     layout_rooms, uniq_harold
D:11:     layout_roguey, serial_demonic, serial_demonic_g, serial_demonic_g,
          serial_demonic_b, serial_demonic_b, serial_shops, shop,
          minmay_misc_feat_rows, nicolae_diode_basic, uniq_lodul, uniq_sonja
D:12:     layout_basic, hiddenorc1_lemuel
Temple:   regret_index_temple_sphere_string
Orc:1:    layout_caves
Orc:2:    grunt_orc_tribal_feast, layout_diamond_mine,
          maelrawn_ghost_gauntlet_escape

Skill      XL: |  1  2  3  4  5  6  7  8  9 10 11 12 |
---------------+-------------------------------------+-----
Unarmed Combat | 3 4 5 6 8 9 10 11 | 11.3
Dodging        | 3 4 5 6 7 8 |  8.1
Shapeshifting  | 4 5 6 7 8 9 |  9.9
Fighting       | 3 4 5 6 7 8 |  8.1
Invocations    | 3 4 5 6 |  6.7
Stealth        | 3 5 |  5.0
Throwing       | 1 3 |  3.3
Evocations     | 1 3 |  3.7

Action                     |  1- 3 |  4- 6 |  7- 9 | 10-12 || total
---------------------------+-------+-------+-------+-------++-------
  Melee: Unarmed           |    37 |    63 |   223 |   499 ||   822
         Constrict         |     8 |    16 |    73 |   103 ||   200
         Tentacles         |     5 |    16 |    61 |   126 ||   208
         Punch             |     1 |     3 |     7 |    38 ||    49
  Throw: Dart              |       |     2 |     4 |       ||     6
 Invoke: Line Pass         |       |       |       |     1 ||     1
Ability: Begin Untransform |       |     1 |       |       ||     1
  Evoke: Wand              |       |       |       |     3 ||     3
    Use: Scroll            |       |       |     9 |     6 ||    15
         Potion            |       |       |     1 |     2 ||     3
   Stab: Sleeping          |     5 |     7 |     8 |    11 ||    31
         Distracted        |       |     1 |     1 |     2 ||     4
         Paralysed         |       |       |     5 |    50 ||    55
 Armour: Skin              |     1 |     2 |     4 |     5 ||    12
  Dodge: Dodged            |    27 |    15 |    66 |   165 ||   273
  Block: Kite shield       |       |    30 |   162 |   336 ||   528
   Form: Beast             |       |     1 |       |       ||     1

Table legend: (Time is in decaauts)
 A = Elapsed time spent in this place.
 B = Non-inter-level travel time spent in this place.
 C = Inter-level travel time spent in this place.
 D = Time resting spent in this place.
 E = Time spent auto-exploring this place.
 F = Levels seen in this place.
 G = Mean time per level.
                   A        B        C        D        E       F      G
               +--------+--------+--------+--------+--------+-----+--------+
         Total |  13045 |  12328 |    717 |   2968 |   6884 |  15 |  869.7 |
       Dungeon |  12099 |  11462 |    637 |   2692 |   6557 |  12 | 1008.2 |
        Temple |    147 |     76 |     71 |      0 |      0 |   1 |  147.0 |
  Orcish Mines |    798 |    789 |      9 |    276 |    327 |   2 |  399.0 |
               +--------+--------+--------+--------+--------+-----+--------+

Top non-repeatable levels by time:
     D:4: 2047 daAuts
     D:6: 1297 daAuts
     D:8: 1234 daAuts
    D:11: 1183 daAuts
    D:10: 1032 daAuts
    D:12: 1016 daAuts
     D:7: 929 daAuts
     D:5: 753 daAuts
     D:1: 716 daAuts
     D:9: 710 daAuts
   Orc:1: 665 daAuts
     D:3: 600 daAuts
     D:2: 576 daAuts
  Temple: 147 daAuts
   Orc:2: 133 daAuts
